 Dungeon Crawl Stone Soup version 0.32-a0-460-gc8eefc90e7 (webtiles) character file.

Game seed: 1729661692813190337

76 Morbidden the Shooter (level 4, 0/34 HPs)
             Began as a Formicid Hunter on Feb 24, 2024.
             Succumbed to an adder's poison
             ... on level 2 of the Dungeon.
             The game lasted 00:00:50 (1243 turns).

Morbidden the Shooter (Formicid Hunter)             Turns: 1243, Time: 00:00:50

Health: 0/34       AC:  3    Str: 16    XL:     4   Next: 57%
Magic:  4/4        EV: 12    Int:  8    God:
Gold:   71         SH:  0    Dex: 19    Spells: 3/3 levels left

rFire   . . .        a - +0 shortbow
rCold   . . .        (no shield)
rNeg    . . .        c - +0 leather armour
rPois   .            (helmet unavailable)
rElec   .            (no cloak)
rCorr   .            (no gloves)
SInv    +            (no boots)
Will    .....        (no amulet)
Stlth   ++           (no ring)
HPRegen 0.25/turn    (no ring)
MPRegen 0.09/turn

%: no passive effects
@: mighty, brilliant, lethally poisoned (0 -> -2)
A: permanent stasis, dig shafts and tunnels, antennae 3, four strong arms
a: Dig, Shaft Self


You were on level 2 of the Dungeon.
You visited 1 branch of the dungeon, and saw 2 of its levels.

You collected 71 gold pieces.

Inventory:

Hand Weapons
 a - a +0 shortbow (weapon)
Armour
 c - a +0 leather armour (worn)
Scrolls
 b - a scroll of butterflies
 d - a scroll of poison {unknown}
 g - a scroll of identify {unknown}


   Skills:
 * Level 2.5 Fighting
 * Level 5.2 Ranged Weapons
 * Level 1.0 Armour
 * Level 2.0 Dodging
 + Level 1.3 Stealth


You had 3 spell levels left.
You didn't know any spells.
Your spell library contained the following spells:

 Spells                   Type           Power      Damage    Failure   Level
 Sublimation of Blood     Necr           0%         N/A       63%         2
 Inner Flame              Hex/Fire       0%         N/A       85%         3
 Petrify                  Alch/Erth      0%         N/A       99%         4
 Irradiate                Conj/Alch      0%         3d11      100%        5
 Ignition                 Fire           0%         3d3       100%        8


Dungeon Overview and Level Annotations

Branches:
Dungeon (2/15)

Altars:


Innate Abilities, Weirdness & Mutations

You cannot be hasted, slowed, berserked, paralysed or teleported.
You can dig through walls and to a lower floor.
You have a pair of large antennae on your head. (SInv)
Your four strong arms can wield two-handed weapons with a shield.


Message History

Unknown command.
You feel sick.
Unknown command.
You feel sick. The adder bites you.
Unknown command.
You are too injured to fight recklessly!
You are too injured to fight recklessly!
You shoot an arrow. The arrow completely misses the adder.
You feel sick. The adder bites you.
* * * LOW HITPOINT WARNING * * *
You shoot an arrow. The arrow hits the adder.
The adder is moderately wounded.
You feel sick. The adder bites you.
* * * LOW HITPOINT WARNING * * *
You are more poisoned.
The adder poisons you! The adder misses you.
Unknown command.
You shoot an arrow. The arrow hits the adder.
The adder is severely wounded.
* * * LOW HITPOINT WARNING * * *
You feel sick. The adder completely misses you.
You shoot an arrow. The arrow barely misses the adder.
The arrow hits the kobold.
You kill the kobold!
* * * LOW HITPOINT WARNING * * *
You feel sick. The adder bites you.
* * * LOW HITPOINT WARNING * * *
The adder bites you but does no damage.
Unknown command.
Unknown command.
It was a potion of brilliance.
You feel clever all of a sudden.
* * * LOW HITPOINT WARNING * * *
You feel sick. The adder bites you.
* * * LOW HITPOINT WARNING * * *
Unknown command.
Unknown command.
It was a potion of might.
You feel very mighty all of a sudden.
You die...

######## # #.<....# #
###......# # # #.+......#
# ##.########.#>.....# #
#...w)#...#.#......###
,#...#S#.#.#...........
.......#@#.#.############
......##.#[#....##....#..
...... #.#.##....#.##.#.#
<..... #.#.##.#..#.#....#
..... #.#.##.#....######
..... #.#....##.........
#.##.....#########
#........# { ####..)..#


You could see a ribbon worm and an adder.

Vanquished Creatures
  An orc wizard (D:1)
  A gnoll (D:1)
  An adder (D:2)
  An orc (D:2)
  2 ball pythons (D:1)
  4 endoplasms
  3 goblins
  6 hobgoblins
  4 kobolds
  2 quokkas
  A bat (D:2)
  2 frilled lizards
  3 rats
31 creatures vanquished.

Notes
Turn   | Place    | Note
-------+----------+-------------------------------------------
     0 | D:1      | Morbidden the Formicid Hunter began the quest for the Orb.
     0 | D:1      | Reached XP level 1. HP: 16/16 MP: 1/1
    32 | D:1      | Reached XP level 2. HP: 22/22 MP: 2/2
   160 | D:1      | Reached XP level 3. HP: 27/27 MP: 3/3
   670 | D:1      | Reached skill level 5 in Ranged Weapons
   670 | D:1      | Reached XP level 4. HP: 8/34 MP: 4/4
  1192 | D:2      | Reached skill level 1 in Armour
  1242 | D:2      | HP: 1/34 [adder (1)]
  1243 | D:2      | Succumbed to an adder's poison

Illustrated notes

Levels and vault maps discovered:
D:1:      dpeg_arrival_stone_temple_mockup, layout_loops_ring
D:2:      layout_basic, basic_altar

Skill      XL: |  1  2  3  4 |
---------------+-------------+-----
Dodging        | 2 |  2.0
Ranged Weapons | 5 |  5.2
Armour         | 1 |  1.0
Fighting       | |  2.5
Stealth        | |  1.3

Action                     |  1- 3 |  4- 6 || total
---------------------------+-------+-------++-------
   Fire: Shortbow          |    38 |    38 ||    76
    Use: Potion            |       |     2 ||     2
 Armour: Leather armour    |     5 |    22 ||    27
  Dodge: Dodged            |     3 |    17 ||    20

Table legend: (Time is in decaauts)
 A = Elapsed time spent in this place.
 B = Non-inter-level travel time spent in this place.
 C = Inter-level travel time spent in this place.
 D = Time resting spent in this place.
 E = Time spent auto-exploring this place.
 F = Levels seen in this place.
 G = Mean time per level.
                   A        B        C        D        E       F      G
               +--------+--------+--------+--------+--------+-----+--------+
         Total |   1258 |   1234 |     24 |    203 |    865 |   2 |  629.0 |
       Dungeon |   1258 |   1234 |     24 |    203 |    865 |   2 |  629.0 |
               +--------+--------+--------+--------+--------+-----+--------+

Top non-repeatable levels by time:
     D:1: 873 daAuts
     D:2: 385 daAuts
